 Dungeon Crawl Stone Soup version 0.29-a0-409-gd843f3a48c (webtiles) character file.

Game seed: 14449064886464153201

1439 runemasterragnar the Fighter (level 8, 0/103 HPs)
             Began as a Demonspawn Monk on May 14, 2022.
             Was an Elder of Lugonu.
             Killed by vampiric draining
             ... invoked by a vampire
              (17 damage)
             ... on level 6 of the Dungeon.
             The game lasted 00:11:36 (8153 turns).

runemasterragnar the Fighter (Demonspawn Monk)      Turns: 8153, Time: 00:11:36

Health: 0/103      AC:  8    Str: 12    XL:     8   Next: 45%
Magic:  11/11      EV: 10    Int: 12    God:    Lugonu [****..]
Gold:   403        SH:  0    Dex: 19    Spells: 7/7 levels left

rFire   . . .      SeeInvis .   m - +2 dagger (venom)
rCold   . . .      Faith    .   (no shield)
rNeg    . . .      Spirit   .   k - +0 scale mail
rPois   .          Reflect  .   (no helmet)
rElec   .          Harm     .   (no cloak)
rCorr   .          Rampage  .   (no gloves)
Will    .....      Rage     1%  (no boots)
Stlth   ..........              (no amulet)
HPRegen 0.27/turn               (no ring)
MPRegen 0.12/turn               (no ring)

@: berserking, flying, very quick
A: thin metallic scales 1, demonic guardian 2, foul stench 1, weakness stinger
2, agile 1, berserk 1
a: Renounce Religion, Depart the Abyss, Bend Space, Banish, Corrupt


You were on level 6 of the Dungeon.
You worshipped Lugonu.
Lugonu was greatly pleased with you.
You visited 1 branch of the dungeon, and saw 6 of its levels.

You collected 403 gold pieces.

Inventory:

Hand Weapons
 a - a +0 falchion
 m - a +2 dagger of venom (weapon)
 s - a +0 demon whip
 u - a +0 short sword of venom
Armour
 b - a +0 robe
 e - a +0 crystal plate armour
 h - a +2 robe of fire resistance
 k - a +0 scale mail (worn)
 w - a +0 buckler
Jewellery
 r - a +6 ring of intelligence
 v - a ring of fire
Wands
 q - a wand of polymorph (9)
Scrolls
 d - 2 scrolls of fear {unknown}
 i - 2 scrolls of brand weapon {unknown}
 j - 2 scrolls of immolation {unknown}
 l - a scroll of enchant armour {unknown}
 o - a scroll of teleportation
 x - a scroll of poison {unknown}
Potions
 c - a potion of might
 f - 3 potions of curing
 p - a potion of invisibility
 t - a potion of heal wounds


   Skills:
 + Level 8.3 Fighting
 * Level 5.0 Long Blades
 + Level 2.7 Armour
 - Level 2.6 Dodging
 - Level 1.7 Stealth
 + Level 5.2 Invocations


You had 7 spell levels left.
You didn't know any spells.
Your spell library contained the following spells:

 Spells                   Type           Power      Damage    Failure   Level
 Ensorcelled Hibernation  Hex/Ice        0%         N/A       94%         2
 Passwall                 Tmut/Erth      0%         N/A       94%         2
 Sublimation of Blood     Necr           0%         N/A       94%         2
 Confusing Touch          Hex            0%         N/A       99%         3
 Swiftness                Air            0%         N/A       99%         3
 Petrify                  Tmut/Erth      0%         N/A       100%        4
 Irradiate                Conj/Tmut      0%         3d13      100%        5
 Metabolic Englaciation   Hex/Ice        0%         N/A       100%        5
 Yara's Violent Unravell  Hex/Tmut       0%         3d3       100%        5
 Statue Form              Tmut/Erth      0%         N/A       100%        6
 Enfeeble                 Hex            0%         N/A       100%        7


Dungeon Overview and Level Annotations

Branches:
Dungeon (6/15)
 Temple: D:4-7

Altars:
Ashenzari
Yredelemnul
Lugonu


Innate Abilities, Weirdness & Mutations

You are partially covered in thin metallic scales. (AC +2)
A demonic guardian rushes to your aid.
You may rarely emit foul miasma when damaged in melee.
You have a tail ending in a sharp stinger.
You are agile. (Dex +2)
You tend to lose your temper in combat.


Message History

You bump into the stone wall.
You bump into the stone wall.
Something hits you. Something bites you but does no damage.
You feel less confused. Something hits you.
Something bites you but does no damage. Something hits you!
Something bites you but does no damage. Something hits you but does no damage.
Something bites you!
Something draws strength from your injuries!
It was a potion of flight.
You feel very buoyant.
You fly up into the air.
Something hits you! Something bites you!
* * * LOW HITPOINT WARNING * * *
A demonic guardian appears!
Something draws strength from your injuries!
Something hits you but does no damage. Something bites you.
* * * LOW HITPOINT WARNING * * *
Something draws strength from your injuries!
You feel much better. Something hits you.
Something bites you but does no damage.
You hit something but do no damage. Something hits you.
Something bites you but does no damage.
You barely miss something. Something hits you.
* * * LOW HITPOINT WARNING * * *
Something bites you.
* * * LOW HITPOINT WARNING * * *
Something draws strength from your injuries!
It was a potion of berserk rage.
A red film seems to cover your vision as you go berserk!
You feel yourself moving faster!
You feel mighty! Something hits you!
* * * LOW HITPOINT WARNING * * *
Something bites you but does no damage.
You are too berserk!
You are too berserk!
You hit something.
A vampire appears from thin air!
Reactivating autopickup.
Your orange demon stings the vampire.
Your orange demon hits the vampire.
You hit the vampire. You tail-slap the vampire.
The vampire is heavily damaged.
The vampire draws life force from you!
You die...

#. #. #.....# ##'# .# #.#
###.### ##...##.#####.# #.#
##.....#. .....# #####.###
##.......###.##.## #.......#
#.........##.#...######.###....
+.........'....................
#.........##.#.4.######.##.....
#.......#....@V.# #.##..#.#
##.....##.#.###.# #.......#
##...###.#.###.## #####.###
##'## #.#......# #.# #.#
#.#####..# #.# #.# #.### #..#
####.### ##.####...###..#
.<...... ##...##.........#
.###.##. #........#...##.#
#.##.


You could see a vampire (ally target) and a friendly orange demon (summoned).

Vanquished Creatures
  Sigmund (D:3)
  A water moccasin (D:6)
  A gnoll sergeant (D:5)
  A scorpion (D:6)
  2 howler monkeys
  3 orc priests
  4 hounds
  A jelly (D:4)
  Natasha (thrice) (D:3)
  An iguana (D:5)
  6 orc wizards
  17 gnolls
  6 adders
  A worm (D:4)
  A dart slug (D:1)
  36 orcs
  7 ball pythons
  6 bats
  10 endoplasms
  5 giant cockroaches
  9 goblins
  2 hobgoblins
  11 jackals (D:5)
  8 kobolds
  8 quokkas
  3 frilled lizards
  7 rats
161 creatures vanquished.

Vanquished Creatures (collateral kills)
  2 orc priests (D:5)
  An orc wizard (D:3)
  A gnoll (D:5)
  An ufetubus (D:4)
  4 orcs
9 creatures vanquished.

Vanquished Creatures (others)
  A plant (D:5)
  3 withered plants (D:3)
4 creatures vanquished.

Grand Total: 174 creatures vanquished

Notes
Turn   | Place    | Note
-------+----------+-------------------------------------------
     0 | D:1      | runemasterragnar the Demonspawn Monk began the quest for
                  | the Orb.
     0 | D:1      | Reached XP level 1. HP: 18/18 MP: 1/1
    66 | D:1      | Gained mutation: You may rarely emit foul miasma when
                  | damaged in melee. [demonic ancestry]
    66 | D:1      | Reached XP level 2. HP: 6/24 MP: 2/2
   131 | D:1      | HP: 1/25 [hobgoblin (3)]
   299 | D:1      | Reached skill level 4 in Fighting
   470 | D:1      | Reached XP level 3. HP: 30/30 MP: 3/3
  1267 | D:2      | You fall into a shaft and drop 2 floors!
  1562 | D:4      | Reached skill level 5 in Fighting
  1562 | D:4      | Gained mutation: A weak demonic guardian rushes to your
                  | aid. [demonic ancestry]
  1562 | D:4      | Reached XP level 4. HP: 36/39 MP: 4/4
  1657 | D:4      | Gained mutation: You tend to lose your temper in combat.
                  | [potion of mutation]
  1657 | D:4      | Gained mutation: You are agile. (Dex +2) [potion of
                  | mutation]
  2224 | D:3      | Noticed Sigmund
  2350 | D:3      | HP: 1/39 [Sigmund/+0 scythe (13)]
  2353 | D:3      | Killed Sigmund
  2354 | D:3      | Reached skill level 6 in Fighting
  2354 | D:3      | Gained mutation: A demonic guardian rushes to your aid.
                  | [demonic ancestry]
  2354 | D:3      | Reached XP level 5. HP: 20/47 MP: 5/5
  2601 | D:3      | Noticed Natasha
  2613 | D:3      | Killed Natasha
  2614 | D:3      | Gained mutation: You have a small tail. [demonic ancestry]
  2614 | D:3      | Reached XP level 6. HP: 37/53 MP: 6/6
  2810 | D:3      | Found a faded altar of an unknown god.
  2810 | D:3      | Found a basalt altar of Yredelemnul.
  2813 | D:3      | Prayed at the altar of an unknown god.
  2813 | D:3      | Became a worshipper of Lugonu the Unformed
  2813 | D:3      | Reached * piety under Lugonu
  2813 | D:3      | Reached ** piety under Lugonu
  2813 | D:3      | Reached *** piety under Lugonu
  2829 | D:3      | Reached skill level 7 in Fighting
  3055 | D:3      | Noticed Natasha
  3062 | D:3      | Killed Natasha
  3659 | D:3      | Noticed Natasha
  3794 | D:4      | Reached **** piety under Lugonu
  3887 | D:4      | Found a broken altar of Ashenzari.
  3894 | D:5      | Entered Level 5 of the Dungeon
  3975 | D:5      | Reached skill level 1 in Invocations
  4340 | D:5      | HP: 1/55 [orc priest/divine providence (16)]
  4713 | D:5      | Gained mutation: You are partially covered in thin metallic
                  | scales. (AC +2) [demonic ancestry]
  4713 | D:5      | Reached XP level 7. HP: 48/60 MP: 9/9
  5491 | D:5      | Reached skill level 1 in Armour
  5734 | D:3      | Killed Natasha
  6662 | D:5      | Reached skill level 8 in Fighting
  6866 | D:5      | Gained mutation: You have a tail ending in a sharp stinger.
                  | [demonic ancestry]
  6866 | D:5      | Reached XP level 8. HP: 53/68 MP: 11/11
  7626 | D:6      | Reached skill level 5 in Invocations
  7990 | D:6      | Reached skill level 5 in Long Blades
  8153 | D:6      | Killed from afar by a vampire

Illustrated notes

Levels and vault maps discovered:
D:1:      heliophobic_arrival_ceremonial_halls, layout_loops_ring
D:2:      layout_basic, serial_corexii_hall, corexii_hall_statues_i,
          corexii_hall_statues_u
D:3:      layout_basic, yredelemnul_altar_generic,
          ebering_ecumenical_altar_webs, hex_medium, uniq_natasha, uniq_sigmund
D:4:      dreamdust_elfheim, layout_layer_cave, ashenzari_conservatory_becter
D:5:      lemuel_castle_with_subvaults [lemuel_castle_interior_carwin_1],
          layout_basic, st_stairs_2, minmay_holes, nrook_campfire,
          minmay_misc_feat_hallway
D:6:      layout_loops_corners, doesnt_xom_only_xom,
          gammafunk_temple_overflow_pools, serial_shops, nicolae_shop_stone

Skill      XL: |  1  2  3  4  5  6  7  8 |
---------------+-------------------------+-----
Fighting       | 4 5 6 7 8 |  8.3
Invocations    | 2 4 5 |  5.2
Long Blades    | 4 5 |  5.0
Armour         | 1 2 |  2.7
Dodging        | |  2.6
Stealth        | |  1.7

Action                   |  1- 3 |  4- 6 |  7- 9 || total
-------------------------+-------+-------+-------++-------
Melee: Falchion          |   125 |   147 |       ||   272
       Punch             |     1 |     4 |     4 ||     9
       Unarmed           |       |    20 |       ||    20
       Tailslap          |       |    15 |    45 ||    60
       Dagger            |       |    11 |   245 ||   256
  Use: Scroll            |     1 |     7 |     2 ||    10
       Potion            |     1 |     7 |     3 ||    11
 Stab: Sleeping          |     6 |     5 |       ||    11
       Distracted        |       |     1 |       ||     1
Armor: Robe              |    27 |    33 |    18 ||    78
       Skin              |       |    11 |       ||    11
       Scale mail        |       |       |    76 ||    76
Dodge: Dodged            |    95 |   118 |   136 ||   349

Table legend: (Time is in decaauts)
 A = Elapsed time spent in this place.
 B = Non-inter-level travel time spent in this place.
 C = Inter-level travel time spent in this place.
 D = Time resting spent in this place.
 E = Time spent auto-exploring this place.
 F = Levels seen in this place.
 G = Mean time per level.
                   A        B        C        D        E       F      G
               +--------+--------+--------+--------+--------+-----+--------+
         Total |   8269 |   7994 |    275 |    998 |   5415 |   6 | 1378.2 |
       Dungeon |   8269 |   7994 |    275 |    998 |   5415 |   6 | 1378.2 |
               +--------+--------+--------+--------+--------+-----+--------+

Top non-repeatable levels by time:
     D:5: 2627 daAuts
     D:4: 1592 daAuts
     D:3: 1560 daAuts
     D:1: 1022 daAuts
     D:2: 913 daAuts
     D:6: 554 daAuts
